 Dungeon Crawl Stone Soup version 0.29.1-12-g30fa7ad0bf (webtiles) character file.

Game seed: 2099339232589614803

5142 wormed the Cleaver (level 10, -6/83 HPs)
             Began as a Minotaur Berserker on Dec 25, 2022.
             Was an Elder of Trog.
             Mangled by a two-headed ogre
             ... wielding a +0 giant club
              (18 damage)
             ... on level 9 of the Dungeon.
             The game lasted 00:13:39 (8112 turns).

wormed the Cleaver (Minotaur Berserker)             Turns: 8112, Time: 00:13:40

Health: -6/83      AC: 16    Str: 26    XL:     10   Next: 33%
Magic:  9/9        EV: 10    Int:  4    God:    Trog [****..]
Gold:   561        SH:  0    Dex: 10    Spells: 9/9 levels left

rFire   + . .      SeeInvis .   I - +0 war axe
rCold   . . .      Faith    .   (no shield)
rNeg    . . .      Spirit   .   q - +0 chain mail
rPois   .          Reflect  .   (helmet restricted)
rElec   .          Harm     .   v - +1 cloak
rCorr   .          Rampage  .   d - +2 pair of gloves
Will    ++...                   g - +0 pair of boots
Stlth   ..........              (no amulet)
HPRegen 1.23/turn               y - +4 ring of slaying
MPRegen 0.11/turn               m - ring of protection from fire

@: strong-willed, on berserk cooldown, regenerating, slowed, very slow
A: horns 2, retaliatory headbutt
a: Renounce Religion, Berserk, Trog's Hand, Brothers in Arms


You were on level 9 of the Dungeon.
You worshipped Trog.
Trog was greatly pleased with you.
You visited 1 branch of the dungeon, and saw 9 of its levels.
You also visited: Ossuary.

You collected 561 gold pieces.

Inventory:

Hand Weapons
 I - a +0 war axe (weapon)
 K - a +2 whip of venom
Missiles
 r - 3 javelins (quivered)
 s - a curare-tipped dart
 F - 11 poisoned darts
 Q - 3 atropa-tipped darts
Armour
 d - a +2 pair of gloves (worn)
 g - a +0 pair of boots (worn)
 h - a scarf of repulsion
 q - a +0 chain mail (worn)
 v - a +1 cloak (worn)
Jewellery
 m - a ring of protection from fire (right hand)
 y - a +4 ring of slaying (left hand)
Wands
 b - a wand of quicksilver (16)
 G - a wand of flame (9)
 J - a wand of iceblast (26)
 L - a wand of paralysis (10)
Scrolls
 c - 3 scrolls of torment {unknown}
 l - 3 scrolls of fear {unknown}
 o - 2 scrolls of enchant armour {unknown}
 p - 4 scrolls of blinking {unknown}
 w - a scroll of brand weapon {unknown}
 A - 2 scrolls of enchant weapon {unknown}
 C - 2 scrolls of summoning {unknown}
 D - 2 scrolls of immolation {unknown}
 M - 2 scrolls of butterflies {unknown}
 N - 3 scrolls of teleportation {unknown}
 O - a scroll of noise {unknown}
 P - a scroll of poison {unknown}
 S - a scroll of magic mapping {unknown}
Potions
 e - 2 potions of haste
 f - 3 potions of flight
 j - 2 potions of cancellation
 k - 3 potions of heal wounds
 n - 4 potions of curing
 t - 2 potions of magic
 u - 2 potions of invisibility
 x - 2 potions of degeneration
 z - 4 potions of lignification
 B - 2 potions of might {unknown}
 E - a potion of attraction
 H - a potion of resistance


   Skills:
 - Level 6.0 Fighting
 * Level 14.6 Axes
 - Level 6.0 Armour
 - Level 6.0 Dodging
 - Level 6.0 Shields


You had 9 spell levels left.
You didn't know any spells.
Your spell library was empty.

Dungeon Overview and Level Annotations

Branches:
Dungeon (9/15)             Temple (0/1) D:4            Lair (0/5) D:8
Ossuary (visited)
    Orc: D:9-12

Altars:
Dithmenos
Makhleb
Nemelex Xobeh
Wu Jian
Xom


Innate Abilities, Weirdness & Mutations

You have a pair of horns on your head.
You reflexively headbutt those who attack you in melee.


Message History

The tengu conjurer barely misses you. The two-headed ogre barely misses you.
You furiously retaliate!
You headbutt the two-headed ogre.
The two-headed ogre hits you with a +0 giant club!
The bullfrog hits you but does no damage.
The tengu conjurer hits you.
The tengu conjurer pecks you but does no damage.
The tengu conjurer claws you but does no damage.
You hit the two-headed ogre. You headbutt the two-headed ogre!
The two-headed ogre is severely wounded.
You hit the bullfrog. You barely miss the tengu conjurer.
The bullfrog completely misses you. You furiously retaliate!
You headbutt the bullfrog!
You kill the bullfrog!
Trog accepts your kill. The tengu conjurer hits you.
The tengu conjurer pecks you but does no damage.
The tengu conjurer claws you but does no damage.
You hit the tengu conjurer.
The tengu conjurer is lightly wounded.
You completely miss the two-headed ogre.
The two-headed ogre hits you but does no damage.
The two-headed ogre barely misses you. The tengu conjurer hits you.
The tengu conjurer pecks you. The tengu conjurer claws you.
You miss the tengu conjurer.
The tengu conjurer is lightly wounded.
You barely miss the two-headed ogre.
The two-headed ogre hits you with a +0 giant club. x2
The tengu conjurer hits you but does no damage.
The tengu conjurer closely misses you.
The tengu conjurer claws you but does no damage.
You closely miss the tengu conjurer.
The tengu conjurer is lightly wounded.
You hit the two-headed ogre but do no damage.
The tengu conjurer hits you but does no damage.
The tengu conjurer pecks you but does no damage.
The tengu conjurer claws you.
The two-headed ogre hits you with a +0 giant club!!
* * * LOW HITPOINT WARNING * * *
The two-headed ogre hits you with a +0 giant club!!
You die...

#... #..######
#......+ ###..#
#$##.### #
#.#....## ...
##.##.#..###
.....##...#'##...#
......*O@...$##..##
.....##Q.)####....+
... ##.##.#.....# #
#.#........#
#)##.......#
###........#
#.......#..#
...###..##.#
.......<...#


You could see a two-headed ogre, a tengu conjurer and a battlesphere
(distracted).

Vanquished Creatures
  A two-headed ogre (D:7)
  The ghost of DemonSlayer the Thaumaturge, a novice DsEE of Cheibriados (D:8)
  Joseph (D:8)
  An efreet (D:9)
  Eustachio (D:6)
  A wraith (Ossuary)
  3 wargs (D:8)
  2 steam dragons (D:6)
  A water moccasin (D:7)
  2 ice beasts (D:5)
  2 ogres
  4 phantoms
  A kobold brigand (D:8)
  4 bullfrogs
  2 necrophages (D:5)
  4 scorpions
  4 wights (D:8)
  5 jellies
  A hound (D:5)
  7 orc priests
  A gnoll bouda (D:5)
  3 iguanas
  5 orc wizards
  A mummy (Ossuary)
  10 adders
  3 gnolls (D:5)
  A white imp (D:7)
  3 ufetubi
  2 worms (D:2)
  2 dart slugs (D:2)
  16 orcs
  3 endoplasms (D:4)
  6 giant cockroaches
  5 goblins
  4 hobgoblins
  11 kobolds
  3 quokkas
  9 ball pythons
  4 bats
  9 gnoll skeletons (Ossuary)
  3 kobold skeletons (Ossuary)
  13 orc skeletons (Ossuary)
  5 rats
170 creatures vanquished.

Vanquished Creatures (others)
  16 plants (D:3)
16 creatures vanquished.

Grand Total: 186 creatures vanquished

Notes
Turn   | Place    | Note
-------+----------+-------------------------------------------
     0 | D:1      | wormed the Minotaur Berserker began the quest for the Orb.
     0 | D:1      | Reached XP level 1. HP: 19/19 MP: 0/0
   391 | D:1      | Reached XP level 2. HP: 20/27 MP: 1/1
   836 | D:2      | Reached skill level 4 in Axes
   970 | D:2      | Reached skill level 1 in Shields
   970 | D:2      | Reached XP level 3. HP: 24/33 MP: 2/2
  1564 | D:2      | Reached ** piety under Trog
  1989 | D:3      | Reached XP level 4. HP: 40/40 MP: 3/3
  2924 | D:4      | Reached skill level 5 in Axes
  2924 | D:4      | Reached XP level 5. HP: 29/47 MP: 4/4
  3039 | D:4      | Found a burning altar of Makhleb.
  3102 | D:4      | Found a staircase to the Ecumenical Temple.
  3681 | D:4      | Noticed a phantom
  3691 | D:4      | Killed a phantom
  3692 | D:4      | Reached XP level 6. HP: 53/53 MP: 5/5
  4086 | D:5      | Entered Level 5 of the Dungeon
  4120 | D:5      | Noticed an ice beast
  4122 | D:5      | Reached skill level 6 in Axes
  4129 | D:5      | Killed an ice beast
  4130 | D:5      | Reached skill level 5 in Fighting
  4238 | D:5      | Reached XP level 7. HP: 58/61 MP: 6/6
  4372 | D:5      | Reached skill level 7 in Axes
  4568 | D:5      | Reached skill level 5 in Armour
  5007 | D:5      | Reached XP level 8. HP: 70/70 MP: 7/7
  5260 | D:6      | Identified the +0 scale mail "Hosiomai" {Int+2}
  5293 | D:6      | Reached skill level 8 in Axes
  5293 | D:6      | Reached skill level 5 in Dodging
  5350 | D:6      | Reached *** piety under Trog
  5416 | D:6      | Reached skill level 5 in Shields
  5483 | D:6      | Noticed Eustachio
  5490 | D:6      | Killed Eustachio
  5491 | D:6      | Reached skill level 9 in Axes
  5825 | D:6      | Found a shadowy altar of Dithmenos.
  5993 | D:7      | Reached XP level 9. HP: 51/75 MP: 8/8
  6250 | D:7      | Found a shimmering altar of Xom.
  6262 | D:7      | Noticed a two-headed ogre
  6270 | D:7      | Killed a two-headed ogre
  6271 | D:7      | Reached skill level 10 in Axes
  6432 | D:7      | Reached skill level 11 in Axes
  6617 | D:7      | Found a sparkling altar of Nemelex Xobeh.
  6760 | D:7      | Found an ornate altar of the Wu Jian Council.
  7039 | D:8      | Noticed DemonSlayer's ghost (novice DsEE)
  7039 | D:8      | Found a sand-covered staircase.
  7039 | D:8      | Found a runed translucent door.
  7048 | Ossuary  | Entered an ossuary
  7114 | Ossuary  | Reached **** piety under Trog
  7130 | Ossuary  | Reached skill level 12 in Axes
  7394 | D:8      | Found a staircase to the Lair.
  7394 | D:8      | Noticed Joseph
  7412 | D:8      | Reached skill level 13 in Axes
  7419 | D:8      | Reached XP level 10. HP: 38/83 MP: 9/9
  7427 | D:8      | Killed Joseph
  8025 | D:8      | Killed DemonSlayer's ghost
  8026 | D:8      | Reached skill level 14 in Axes
  8100 | D:9      | Noticed a two-headed ogre
  8112 | D:9      | Mangled by a two-headed ogre

Illustrated notes

Levels and vault maps discovered:
D:1:      ncdulo_lavacross, layout_loops_ring
D:2:      layout_loops_cross
D:3:      layout_loops_ring, serial_bayou, serial_bayou_lagoon_b,
          serial_bayou_shore_a, serial_bayou_pond_d, serial_bayou_lake_a,
          saegor_snake_ambush
D:4:      layout_basic, amcnicky_altar_gilded, minmay_temple_entry_tees,
          grunt_decor_fettered, kennysheep_generic_room_3
D:5:      layout_loops_ring
D:6:      cheibrodos_steamvent, layout_basic, kennysheep_mini, st_stairs_14,
          uniq_eustachio
D:7:      layout_basic, mainiacjoe_overflow_catch_the_wave,
          general_overflow_altar, st_stairs_14, kennysheep_generic_room_10
D:8:      layout_rooms, erik_lair_orcish_takeover, nicolae_ossuary_entry_ruins,
          hellmonk_ghost_happy_afterlife, uniq_joseph
D:9:      layout_basic, mainiacjoe_overflow_concentric_impassable,
          minmay_fractal_squares_gapless_7

Skill      XL: |  1  2  3  4  5  6  7  8  9 10 |
---------------+-------------------------------+-----
Axes           | 4 5 6 7 9 13 14 | 14.6
Fighting       | 4 5 6 |  6.0
Shields        | 1 2 3 4 5 6 |  6.0
Armour         | 3 4 5 6 |  6.0
Dodging        | 3 4 5 6 |  6.0

Action                   |  1- 3 |  4- 6 |  7- 9 | 10-12 || total
-------------------------+-------+-------+-------+-------++-------
Melee: Hand axe          |    75 |   115 |   183 |       ||   373
       Headbutt          |     6 |    15 |    54 |     7 ||    82
       Punch             |       |     5 |     4 |       ||     9
       War axe           |       |       |    61 |    25 ||    86
Throw: Dart              |       |     2 |       |       ||     2
       Javelin           |       |     2 |       |       ||     2
Invok: Berserk           |       |       |     4 |     2 ||     6
       Trog's Hand       |       |       |     1 |     1 ||     2
  Use: Potion            |       |       |     2 |     2 ||     4
       Scroll            |       |       |     8 |     1 ||     9
 Stab: Sleeping          |     1 |       |       |       ||     1
Armor: Animal skin       |    27 |       |       |       ||    27
       Ring mail         |     9 |    40 |    34 |       ||    83
       Chain mail        |       |       |    75 |    22 ||    97
Dodge: Dodged            |    46 |    54 |   120 |    22 ||   242
